 Dungeon Crawl Stone Soup version 0.17-a0-1840-g87820a2 (webtiles) character file.

180 Ijustatesigmund the Sneak (level 5, 0/28 HPs)
             Began as a Kobold Enchanter on Sept 16, 2015.
             Slain by a hobgoblin (5 damage)
             ... on level 2 of the Dungeon.
             The game lasted 00:13:48 (3353 turns).

Ijustatesigmund the Sneak (Kobold Enchanter)        Turns: 3353, Time: 00:13:48

Health: 0/28       AC:  2    Str:  7    XL:     5   Next: 91%
Magic:  6/8        EV: 16    Int: 13    God:
Gold:   153        SH:  0    Dex: 17    Spells: 2 memorised, 5 levels left

rFire  . . .     SeeInvis .     a - +1 dagger
rCold  . . .     Clarity  .     k - +0 robe (curse)
rNeg   . . .     SustAt   .     (shield restricted)
rPois  .         Gourm    .     (no helmet)
rElec  .         Spirit   .     (no cloak)
rCorr  .         Warding  .     (no gloves)
rMut   .         Stasis   .     (no boots)
MR     .....                    (no amulet)
Stlth  +++.......               (no ring)
                                (no ring)

@: not resistant to hostile enchantments, fairly stealthy
A: carnivore 3
a: no special abilities


You were on level 2 of the Dungeon.
You were not hungry.

You visited 1 branch of the dungeon, and saw 3 of its levels.

You collected 153 gold pieces.

Inventory:

Hand weapons
 a - a +1 dagger (weapon)
Armour
 b - a +1 robe
 h - a +0 leather armour
 k - a cursed +0 robe (worn)
Scrolls
 f - a scroll of blinking
 g - 2 scrolls of teleportation
Potions
 e - a potion of flight {unknown}
 i - 3 potions of lignification
 j - a potion of heal wounds {unknown}
Books
 c - a book of Maledictions

   Spells                             Type                      Level
   a - Corona                         Hexes                        1
   b - Ensorcelled Hibernation        Hexes/Ice                    2
   c - Confuse                        Hexes                        3
   d - Tukima's Dance                 Hexes                        3
   e - Dazzling Spray                 Conjuration/Hexes            3
Comestibles
 d - 3 meat rations


   Skills:
 + Level 4.1 Short Blades
 + Level 3.0 Dodging
 + Level 4.6 Stealth
 - Level 2.0 Spellcasting
 + Level 4.0 Hexes
 + Level 2.2 Ice Magic


You had 5 spell levels left.
You knew the following spells:

 Your Spells              Type           Power        Failure   Level  Hunger
a - Corona                Hex            ##.....      6%          1    ##.....
b - Ensorcelled Hibernat  Hex/Ice        #.....       12%         2    ###....


Dungeon Overview and Level Annotations

Branches:
Dungeon (3/15)

Altars:
Cheibriados

Annotations:
D:3 shakdrar's ghost, weakling DECj


Innate Abilities, Weirdness & Mutations

You are small and have problems with some larger weapons.
You are carnivorous and can eat meat at any time.


Message History

You kill the goblin!
The hobgoblin closely misses you. The hobgoblin barely misses you.
Shakdrar's ghost gestures at you while chanting.
The magic dart hits you!
* * * LOW HITPOINT WARNING * * *
There is an escape hatch in the ceiling, spattered with blood here.
Items here: (( ) † a club; 2 sling bullets; 2 stones; a goblin corpse The hobgoblin barely misses you.
A mysterious force pulls you upwards. The hatch slams shut behind you.
Casting: Ensorcelled Hibernation
Confirm with . or Enter, or press ? or * to list all spells.
Aiming: Ensorcelled Hibernation
Press: ? - help, Shift-Dir - straight line, f - hobgoblin
Aim: a hobgoblin (chance to defeat MR: 79%)
The hobgoblin resists with significant effort.
The hobgoblin barely misses you.
You barely miss the hobgoblin. The hobgoblin hits you.
You die...

.##.####.............#......##..#
#..........###.######.####..##..#
.##(..###..# ### #.....).....#
####...##..# ######..##.##
...........# #..##.##
####...#...###############.†....[
.........#.............(.......##
......##...#####.#######.##.####
#####.###.## #@g.<........# #.#
#.# #########.##### #.# #.#
#............# #.#
#.#######.######.###.# #.#
#.........# #.# #.#
#.###.######### #.###.####
#.....#### #.##......
#####....###########.##..###.
####.)...............# #)


You could see a hobgoblin.

Vanquished Creatures
  Ijyb (D:2)
  Jessica (D:2)
  5 adders
  An ooze (D:2)
  An adder skeleton (D:3)
  2 worms (D:2)
  6 bats
  5 giant cockroaches
  13 goblins
  5 hobgoblins
  2 jackals (D:2)
  2 quokkas
  6 giant geckos
  3 giant newts
  8 kobolds
  7 rats
68 creatures vanquished.

Notes
Turn   | Place    | Note
--------------------------------------------------------------
     0 | D:1      | Ijustatesigmund the Kobold Enchanter began the quest for the Orb.
     0 | D:1      | Reached XP level 1. HP: 10/10 MP: 3/3
   126 | D:1      | Reached XP level 2. HP: 12/15 MP: 5/5
   136 | D:1      | Learned a level 2 spell: Ensorcelled Hibernation
   735 | D:2      | Noticed Jessica
   736 | D:2      | Reached XP level 3. HP: 19/19 MP: 6/6
   761 | D:2      | Killed Jessica
   761 | D:2      | Reached skill level 1 in Ice Magic
   761 | D:2      | Reached XP level 4. HP: 24/24 MP: 4/7
  1049 | D:2      | Noticed Ijyb
  1054 | D:2      | Killed Ijyb
  1054 | D:2      | Reached XP level 5. HP: 28/28 MP: 3/8
  1114 | D:2      | Found a snail-covered altar of Cheibriados.
  2772 | D:3      | Noticed shakdrar's ghost (weakling DECj)
  3353 | D:2      | Slain by a hobgoblin

Vault maps used:
D:1:      dpeg_arrival_yet_another_circle
D:2:      cheibriados_altar_1, uniq_iyjb, uniq_jessica
D:3:      minmay_goblin_kobold_castle

Action                   |  1- 3 |  4- 6 || total
-------------------------+-------+-------++-------
Melee: Dagger            |    67 |   171 ||   238
 Cast: Ensorcelled Hiber |     1 |    16 ||    17
       Corona            |       |     2 ||     2
  Use: Scroll            |     4 |       ||     4
 Stab: Sleeping          |     8 |    14 ||    22
  Eat: Chunk             |     7 |     6 ||    13
